Map: Proxima Station LE

Players

Bly - Winner!

  • Race: Zerg Zerg
  • Spawn Location: 7:00

Has

  • Race: Protoss Protoss
  • Spawn Location: 1:00

Event: WCS Valencia 2017

VOD

Have the link to the VOD?

Description

Time

  • Played on: July 13, 2017, 2:49 p.m.
  • Length: 14:14

All games in this series

Show
View Real Time Build Order
Export as new Build Order

Bly Zerg - Winner!

Build Orders: Hatch First 

Get SALT Encoding   

  12  0:01  Drone  
  13  0:13  Overlord  
  13  0:18  Drone  
  14  0:31  Drone x2  
  14  0:35  Drone  
  17  0:52  Hatchery  
  17  0:55  Drone  
  17  0:59  Drone  
  17  1:02  Extractor  
  17  1:14  Spawning Pool  
  17  1:17  Drone  
  17  1:23  Drone  
  18  1:31  Drone  
  19  1:43  Overlord  
  19  1:52  Drone  
  20  2:01  Queen  
  20  2:02  Zergling x2  
  20  2:05  Queen, Zergling x2  
  26  2:10  Metabolic Boost  
  26  2:19  Drone x2  
  28  2:25  Drone x2  
  30  2:36  Drone x2  
  32  2:41  Evolution Chamber  
  31  2:45  Overlord  
  31  2:54  Zergling x2  
  31  2:58  Hatchery  
  31  3:07  Zergling x6  
  31  3:11  Zergling x4  
  31  3:12  Zergling x4  
  38  3:22  Overlord  
  38  3:26  Zergling x6  
  41  3:38  Overlord  
  41  3:39  Drone x2  
  43  3:49  Zergling x8  
  43  3:50  Overlord  
  43  3:55  Drone x2  
  48  4:10  Drone x4  
  48  4:11  Overlord  
  48  4:15  Overlord  
  50  4:17  Zergling x2  
  50  4:18  Zergling x2  
  50  4:27  Drone x2  
  50  4:28  Drone x4  
  49  4:33  Drone x2  
  49  4:38  Drone  
  49  4:41  Queen  
  52  4:48  Drone x3  
  52  4:51  Queen, Zerg Melee Weapons Level 1  
  55  5:01  Overlord  
  55  5:06  Drone x2  
  57  5:08  Drone x2  
  59  5:22  Drone x8  
  59  5:27  Overlord  
  65  5:28  Zergling x2  
  65  5:33  Zergling x2  
  65  5:35  Lair  
  66  5:38  Extractor x2  
  66  5:39  Extractor, Queen  
  66  5:42  Drone x2  
  67  5:45  Zergling x2  
  68  5:54  Drone x2  
  68  5:55  Drone x8  
  68  5:56  Hatchery  
  77  5:59  Extractor  
  77  6:00  Roach Warren  
  77  6:03  Overlord  
  75  6:18  Spore Crawler  
  74  6:20  Spore Crawler  
  74  6:21  Spore Crawler  
  74  6:23  Drone x2  
  74  6:24  Drone  
  73  6:41  Queen  
  73  6:44  Queen  
  75  6:48  Extractor  
  75  6:50  Spire  
  75  6:51  Hydralisk Den  
  75  6:52  Drone x3  
  75  6:53  Drone x4  
  77  6:59  Overseer  
  77  7:00  Overlord  
  76  7:02  Drone x2  
  78  7:12  Overlord x2  
  78  7:13  Queen, Overlord x2  
  78  7:15  Drone  
  81  7:24  Hydralisk  
  81  7:25  Hydralisk x8, Muscular Augments  
  81  7:29  Hydralisk  
  101  7:33  Hydralisk x2  
  101  7:36  Spore Crawler  
  104  7:44  Hydralisk x5  
  86  8:00  Hydralisk x4  
  72  8:05  Drone  
  72  8:06  Drone x10  
  78  8:14  Hydralisk  
  78  8:15  Hydralisk  
  82  8:25  Spore Crawler  
  81  8:32  Spore Crawler  
  80  8:34  Spore Crawler  
  80  8:35  Corruptor x2  
  80  8:40  Corruptor  
  85  8:44  Drone  
  85  8:45  Spore Crawler, Drone x2  
  85  8:48  Drone x3  
  90  8:51  Drone x3  
  93  8:57  Drone x2  
  93  8:58  Drone x3  
  92  9:04  Drone x3  
  92  9:07  Drone  
  92  9:08  Drone x2  
  92  9:18  Drone x2  
  92  9:19  Drone x2  
  92  9:20  Drone  
  97  9:24  Spore Crawler  
  97  9:27  Zerg Missile Weapons Level 1  
  96  9:39  Hydralisk x6  
  108  10:00  Hydralisk  
  108  10:01  Hydralisk x7  
  114  10:18  Drone x2  
  116  10:23  Spore Crawler  
  116  10:24  Hydralisk  
  116  10:25  Hydralisk x6  
  116  10:26  Overlord  
  129  10:32  Queen x4  
  137  10:49  Drone x3  
  140  10:50  Drone x2, Overlord  
  140  10:52  Extractor  
  140  10:53  Extractor  
  139  10:59  Overlord x2  
  139  11:03  Drone x3  
  141  11:17  Hydralisk x7  
  155  11:29  Hydralisk x4  
  155  11:31  Zerg Ground Armor Level 1  
  155  11:32  Zerg Flyer Weapons Level 1  
  163  11:33  Overlord  
  163  11:39  Overlord  
  163  11:41  Hatchery  
  163  11:44  Infestation Pit  
  159  11:54  Hydralisk  
  159  11:55  Hydralisk x7  
  167  12:15  Hydralisk x2  
  163  12:16  Hydralisk x8  
  133  12:40  Corruptor x10  
  139  12:53  Hive  
  139  12:58  Hydralisk x7  
  151  13:11  Hydralisk x5  
  161  13:16  Zergling x2  
  161  13:17  Zergling x10  
  167  13:38  Hydralisk  
  167  13:39  Hydralisk x7  
  181  13:42  Overseer  
Show
View Real Time Build Order
Export as new Build Order

Has Protoss 

Build Orders: 1 Gate Expand 

Get SALT Encoding   

  12  0:01  Probe (Chrono Boost)  
  13  0:11  Probe (Chrono Boost)  
  14  0:22  Pylon, Probe (Chrono Boost)  
  15  0:40  Probe (Chrono Boost)  
  15  0:42  Gateway  
  16  0:50  Probe (Chrono Boost)  
  16  0:52  Assimilator  
  17  1:01  Probe (Chrono Boost)  
  18  1:11  Probe (Chrono Boost)  
  19  1:24  Nexus  
  19  1:35  Cybernetics Core  
  19  1:39  Probe (Chrono Boost)  
  20  1:43  Assimilator  
  20  1:49  Probe (Chrono Boost)  
  21  1:55  Pylon  
  21  2:00  Probe (Chrono Boost)  
  22  2:14  Probe, Stalker (Chrono Boost)  
  25  2:26  Probe  
  26  2:31  Stargate  
  26  2:37  Probe (Chrono Boost), Adept (Chrono Boost)  
  26  2:39  Probe (Chrono Boost)  
  30  2:48  Probe (Chrono Boost)  
  32  2:51  Probe (Chrono Boost)  
  32  2:59  Probe (Chrono Boost)  
  32  3:03  Probe (Chrono Boost)  
  34  3:10  Probe (Chrono Boost)  
  35  3:12  Probe (Chrono Boost)  
  35  3:14  Void Ray (Chrono Boost)  
  40  3:21  Probe  
  40  3:23  Probe  
  40  3:25  Pylon  
  42  3:33  Probe  
  43  3:40  Nexus  
  43  3:42  Probe  
  43  3:44  Probe  
  45  3:54  Probe (Chrono Boost)  
  46  3:57  Assimilator  
  46  4:01  Assimilator  
  47  4:04  Mothership Core (Chrono Boost)  
  47  4:08  Probe (Chrono Boost), Gateway  
  49  4:20  Probe (Chrono Boost)  
  49  4:23  Pylon, Oracle (Chrono Boost)  
  50  4:25  Probe (Chrono Boost)  
  50  4:29  Pylon  
  51  4:37  Pylon  
  50  4:40  Pylon  
  50  4:42  Probe  
  50  4:44  Probe  
  52  4:51  Probe  
  53  4:53  Probe  
  53  4:56  Probe  
  55  5:01  Probe  
  55  5:03  Probe  
  56  5:08  Probe  
  56  5:12  Probe  
  57  5:14  Probe  
  57  5:20  Probe  
  58  5:22  Probe  
  58  5:25  Probe (Chrono Boost)  
  60  5:31  Stargate x2  
  60  5:32  Stargate  
  60  5:33  Probe (Chrono Boost)  
  60  5:34  Probe (Chrono Boost)  
  62  5:37  Probe (Chrono Boost)  
  62  5:40  Assimilator  
  62  5:42  Assimilator  
  63  5:44  Probe (Chrono Boost), Oracle  
  63  5:45  Probe (Chrono Boost)  
  63  5:47  Probe (Chrono Boost)  
  69  5:54  Pylon, Probe (Chrono Boost)  
  69  5:56  Probe (Chrono Boost)  
  71  5:58  Probe (Chrono Boost)  
  72  6:05  Probe (Chrono Boost)  
  72  6:06  Probe (Chrono Boost)  
  72  6:08  Probe (Chrono Boost)  
  75  6:15  Probe (Chrono Boost)  
  75  6:16  Pylon  
  75  6:17  Probe (Chrono Boost), Pylon  
  77  6:19  Oracle x3 (Chrono Boost)  
  77  6:24  Probe  
  87  6:26  Probe  
  87  6:31  Oracle (Chrono Boost)  
  87  6:50  Probe x2, Oracle (Chrono Boost)  
  87  6:51  Probe, Oracle (Chrono Boost)  
  87  6:52  Oracle (Chrono Boost)  
  99  7:02  Probe, Oracle (Chrono Boost)  
  99  7:03  Probe, Pylon  
  99  7:04  Pylon  
  104  7:15  Pylon  
  104  7:18  Pylon  
  104  7:20  Pylon  
  104  7:22  Oracle x2 (Chrono Boost)  
  110  7:29  Oracle (Chrono Boost)  
  113  7:34  Pylon  
  113  7:37  Oracle (Chrono Boost)  
  113  7:39  Probe x3  
  113  7:41  Forge  
  113  7:43  Pylon  
  119  7:45  Pylon  
  116  7:53  Oracle (Chrono Boost)  
  116  7:55  Oracle (Chrono Boost)  
  119  8:05  Oracle (Chrono Boost)  
  116  8:18  Oracle (Chrono Boost)  
  116  8:23  Oracle (Chrono Boost)  
  119  8:27  Photon Cannon  
  119  8:28  Photon Cannon  
  119  8:30  Photon Cannon  
  119  8:32  Photon Cannon  
  119  8:33  Oracle (Chrono Boost)  
  122  8:34  Photon Cannon  
  122  8:37  Photon Cannon  
  122  8:38  Oracle (Chrono Boost)  
  125  8:49  Pylon  
  128  8:56  Oracle (Chrono Boost)  
  110  9:23  Pylon  
  104  9:32  Void Ray (Chrono Boost), Nexus  
  104  9:33  Void Ray x2 (Chrono Boost)  
  104  9:34  Pylon  
  104  9:37  Pylon  
  116  9:38  Pylon  
  116  9:40  Pylon  
  120  9:47  Pylon  
  120  9:48  Void Ray (Chrono Boost)  
  117  10:00  Fleet Beacon  
  117  10:01  Protoss Air Weapons Level 1  
  117  10:10  Void Ray (Chrono Boost)  
  118  10:49  Carrier (Chrono Boost)  
  136  10:51  Carrier (Chrono Boost)  
  136  10:52  Carrier (Chrono Boost)  
  136  10:56  Photon Cannon, Nexus  
  142  10:57  Pylon  
  142  10:58  Photon Cannon, Pylon  
  142  10:59  Photon Cannon  
  142  11:01  Photon Cannon  
  142  11:02  Photon Cannon x2  
  144  11:04  Photon Cannon  
  144  11:05  Mothership Core (Chrono Boost)  
  144  11:12  Pylon  
  144  11:14  Pylon  
  135  11:21  Graviton Catapult (Chrono Boost)  
  135  11:29  Photon Cannon  
  135  11:30  Photon Cannon x2  
  135  11:31  Photon Cannon  
  135  11:35  Photon Cannon x2  
  135  11:38  Photon Cannon  
  135  11:39  Photon Cannon  
  135  11:40  Pylon  
  132  11:54  Pylon  
  132  11:59  Carrier x2 (Chrono Boost)  
  132  12:00  Probe  
  123  12:01  Probe  
  123  12:02  Probe  
  123  12:06  Carrier (Chrono Boost)  
  135  12:11  Cybernetics Core  
  111  12:39  Probe x3  
  112  12:51  Probe x2  
  114  12:57  Pylon  
  114  12:59  Pylon  
  114  13:05  Mothership Core (Chrono Boost)  
  115  13:21  Photon Cannon x2  
  115  13:23  Photon Cannon x2  
  115  13:24  Photon Cannon  
  115  13:25  Pylon  
  127  13:27  Pylon  
  127  13:29  Assimilator  
  127  13:32  Assimilator  
  133  13:48  Photon Cannon  
  133  13:50  Photon Cannon  
  133  13:54  Photon Cannon  
  120  13:56  Photon Cannon  
  120  13:57  Photon Cannon  
  120  13:59  Photon Cannon  
  118  14:08  Stargate  
  118  14:10  Stargate  
Tags
 
Add a new tag
Caveats
  • Supply blocks, unpowered buildings, or Contaminate may cause inaccurate times.
  • Supply counts are checked every 10 seconds.